 Dungeon Crawl Stone Soup version 0.29-a0-982-gaed3a0c8d8 (webtiles) character file.

Game seed: 3008772116067635200

17985 jlumianski the Cleaver (level 12, -5/91 HPs)
             Began as a Demonspawn Fighter on Aug 1, 2022.
             Was a High Priest of Okawaru.
             Killed from afar by an efreet (8 damage)
             ... with a fireball
             ... on level 11 of the Dungeon.
             The game lasted 01:11:55 (18652 turns).

jlumianski the Cleaver (Demonspawn Fighter)        Turns: 18652, Time: 01:11:55

Health: -5/91      AC: 45    Str: 24    XL:     12   Next: 23%
Magic:  16/18      EV:  5    Int: 12    God:    Okawaru [*****.]
Gold:   642        SH: 24    Dex: 14    Spells: 11/11 levels left

rFire   . . .      SeeInvis .   G - +0 broad axe (protect)
rCold   . . .      Faith    .   Y - +1 tower shield {AC+3}
rNeg    . . .      Spirit   .   k - +0 crystal plate armour
rPois   .          Reflect  +   (helmet restricted)
rElec   .          Harm     .   i - +1 cloak "Naips" {Str+4}
rCorr   .          Rampage  .   h - +2 pair of gloves
Will    .....                   j - +2 pair of boots
Stlth   ..........              J - amulet of reflection
HPRegen 0.25/turn               C - +4 ring of protection
MPRegen 0.16/turn               (no ring)

@: heroic, under a protective aura
A: antennae 2, (demonic guardian 1), big brain 1, condensation shield
a: Renounce Religion, Heroism, Finesse, Duel


You were on level 11 of the Dungeon.
You worshipped Okawaru.
Okawaru was extremely pleased with you.
You visited 1 branch of the dungeon, and saw 12 of its levels.
You also visited: Sewer and Bailey.

You collected 768 gold pieces.
You spent 126 gold pieces at shops.

Inventory:

Hand Weapons
 G - a +0 broad axe of protection (weapon)
 P - a +2 hand axe of flaming
Missiles
 d - a throwing net
 n - 5 atropa-tipped darts
 q - 12 poisoned darts (quivered)
 w - 6 javelins
 x - 7 boomerangs
Armour
 h - a +2 pair of gloves (worn)
 i - the +1 cloak "Naips" (worn) {Str+4}
   (Okawaru gifted it to you on level 11 of the Dungeon)

   Str:       It affects your strength (+4).
 j - a +2 pair of boots (worn)
 k - a +0 crystal plate armour (worn)
 Y - a +1 tower shield of protection (worn)
Jewellery
 C - a +4 ring of protection (left hand)
 J - an amulet of reflection (around neck)
Wands
 o - a wand of iceblast (2)
 p - a wand of mindburst (5)
 s - a wand of flame (10)
 K - a wand of paralysis (14)
 L - a wand of polymorph (14)
 Z - a wand of quicksilver (9)
Scrolls
 c - 3 scrolls of identify
 g - a scroll of fog
 m - a scroll of enchant weapon {unknown}
 M - a scroll of silence
 V - a scroll of fear
 W - a scroll of magic mapping
Potions
 a - a potion of might
 b - a potion of mutation
 e - 2 potions of cancellation
 f - 2 potions of haste
 l - 4 potions of attraction
 r - a potion of heal wounds
 u - 2 potions of resistance
 R - 2 potions of lignification
Miscellaneous
 t - a tin of tremorstones (inert)


   Skills:
 + Level 7.3(12.3) Fighting
 + Level 10.3(15.3) Axes
 - Level 0.4(5.4) Throwing
 + Level 7.7(12.7) Armour
 + Level 3.0(8.0) Dodging
 + Level 0.3(5.3) Stealth
 + Level 8.4(13.4) Shields
 * Level 9.3 Invocations
 * Level 7.1 Evocations


You had 11 spell levels left.
You didn't know any spells.
Your spell library contained the following spells:

 Spells                   Type           Power      Damage    Failure   Level
 Sandblast                Erth           0%         2d4       100%        1
 Passwall                 Tmut/Erth      0%         N/A       100%        2
 Static Discharge         Conj/Air       0%         3-3/arc   100%        2
 Confusing Touch          Hex            0%         N/A       100%        3
 Frozen Ramparts          Ice            0%         1d8       100%        3
 Ignite Poison            Fire/Tmut/Pois 0%         N/A       100%        3
 Mephitic Cloud           Conj/Pois/Air  0%         N/A       100%        3
 Ozocubu's Armour         Ice            0%         N/A       100%        3
 Portal Projectile        Hex/Tloc       0%         N/A       100%        3
 Stone Arrow              Conj/Erth      0%         3d7       100%        3
 Ice Form                 Ice/Tmut       0%         N/A       100%        4
 Leda's Liquefaction      Hex/Erth       0%         N/A       100%        4
 Blade Hands              Tmut           0%         N/A       100%        5
 Freezing Cloud           Conj/Ice/Air   0%         6-21      100%        5
 Iskenderun's Battlesphe  Conj           0%         2d6       100%        5
 Lightning Bolt           Conj/Air       0%         1d11      100%        5
 Yara's Violent Unravell  Hex/Tmut       0%         3d3       100%        5
 Iron Shot                Conj/Erth      0%         9d1       100%        6
 Enfeeble                 Hex            0%         N/A       100%        7
 Ozocubu's Refrigeration  Ice            0%         4d7       100%        7
 Maxwell's Capacitive Co  Air            0%         ∞         100%        8
 Call Canine Familiar     Summ           Unusable   N/A       N/A         3
 Tukima's Dance           Hex            Unusable   N/A       N/A         3
 Summon Ice Beast         Ice/Summ       Unusable   N/A       N/A         4
 Spellforged Servitor     Conj/Summ      Unusable   N/A       N/A         7

Dungeon Overview and Level Annotations

Branches:
Dungeon (12/15)            Temple (0/1) D:6            Lair (0/5) D:11
  Sewer (visited)          Bailey (visited)
    Orc: D:9-12

Altars:
Ashenzari
Cheibriados
Gozag
Nemelex Xobeh
Okawaru
Sif Muna

Shops:
D:3 [?:=

Annotations:
D:6 3 runed translucent doors, Patoropollo's ghost, novice MiFi
D:12 Josephine


Innate Abilities, Weirdness & Mutations

You have a pair of antennae on your head.
((A weak demonic guardian rushes to your aid.))
You have an unusually large brain. (Int +2)
A meltable shield of frost defends you. (SH +0)


Message History

You see here a boulder beetle corpse.
q - 12 poisoned darts (gained 1)
There is an open door here.
There is an open door here.
You feel like a meek peon again.
An efreet comes into view.
It is wielding a +0 scimitar of flaming.
The efreet gestures at you. The bolt of fire hits you!
Your condensation shield dissipates!
You block the efreet's attack.
There is a stone staircase leading up here.
You block the efreet's attack.
You climb upwards.
There is a stone staircase leading down, spattered with blood here.
You hit the efreet but do no damage.
Your weapon exudes an aura of protection.
The efreet hits you but does no damage.
You barely miss the efreet. You block the efreet's attack. x2
You hit the efreet but do no damage. The efreet gestures at you.
The bolt of fire hits you!
You hit the efreet but do no damage. The efreet gestures at you.
The bolt of fire hits you but does no damage.
You gain the combat prowess of a mighty hero.
You block the efreet's attack.
You slice the efreet!!
The efreet is heavily wounded.
The efreet gestures at you. The bolt of fire hits you!
* * * LOW HITPOINT WARNING * * *
You hit the efreet but do no damage.
The efreet is heavily wounded.
The efreet gestures at you.
The fireball explodes!
The fireball engulfs you!!
* * * LOW HITPOINT WARNING * * *
The fireball engulfs the efreet.
The efreet completely resists.
The efreet gestures at you.
The fireball explodes!
The fireball engulfs you!
You die...

#### #..# #..#
#######..# #..[÷)...#
#..)@R..)#
#........############
#.......[[[[)........
#........#######.....
########.#.....#.....
#.'.....#.....
#.#.....#.....
##.#.....#....#
#..#+#####..###


You could see an efreet.

Vanquished Creatures
  2 boulder beetles
  2 hydras
  A catoblepas (D:8)
  2 centaur warriors
  Erica (D:11)
  4 two-headed ogres
  A deep elf zephyrmancer (Bailey)
  An orc knight (Bailey)
  A manticore (D:9)
  A komodo dragon (D:11)
  3 unseen horrors
  A troll (D:9)
  A hornet (D:8)
  2 shadows
  A vampire (D:11)
  3 wraiths (D:11)
  Sigmund (D:4)
  2 steam dragons
  10 yaks
  2 acid dragons
  2 water moccasins
  A black bear (D:8)
  An ice beast (D:7)
  13 orc warriors
  A sky beast (D:6)
  2 ogres
  3 centaurs
  A phantom (D:7)
  A kobold brigand (D:9)
  5 bullfrogs
  7 scorpions
  4 wights (D:8)
  10 killer bees (D:8)
  4 howler monkeys
  3 jellies
  Crazy Yiuf (D:3)
  6 orc priests
  4 hounds
  3 iguanas
  15 orc wizards
  8 gnolls
  12 adders
  A shadow imp (D:5)
  4 ufetubi
  2 worms
  A dart slug (D:5)
  34 orcs
  9 ball pythons
  6 bats
  18 endoplasms
  14 giant cockroaches
  10 goblins
  7 hobgoblins
  4 jackals (D:3)
  15 kobolds
  9 quokkas
  10 frilled lizards
  10 rats
303 creatures vanquished.

Vanquished Creatures (others)
  A vampire (D:9)
  A goblin (D:9)
  5 fungi (D:11)
  5 plants (D:11)
12 creatures vanquished.

Grand Total: 315 creatures vanquished

Notes
Turn   | Place    | Note
-------+----------+-------------------------------------------
     0 | D:1      | jlumianski the Demonspawn Fighter began the quest for the
                  | Orb.
     0 | D:1      | Reached XP level 1. HP: 18/18 MP: 1/1
   230 | D:1      | Gained mutation: You have a pair of small antennae on your
                  | head. [demonic ancestry]
   230 | D:1      | Reached XP level 2. HP: 24/24 MP: 2/2
   743 | D:2      | Found a faded altar of an unknown god.
   747 | D:2      | Reached skill level 2 in Axes
  1074 | D:1      | Gained mutation: You have an unusually large brain. (Int
                  | +2) [demonic ancestry]
  1074 | D:1      | Reached XP level 3. HP: 26/29 MP: 3/3
  1514 | D:2      | Found a snail-covered altar of Cheibriados.
  2056 | D:3      | Noticed a scorpion
  2061 | D:3      | Killed a scorpion
  2062 | D:3      | Reached skill level 3 in Axes
  2062 | D:3      | Reached XP level 4. HP: 35/35 MP: 4/4
  2318 | D:3      | Found Lecwuome's Book Emporium.
  2347 | D:3      | Found Qycoag's Jewellery Shoppe.
  2362 | D:3      | Reached XP level 5. HP: 24/41 MP: 5/5
  3002 | D:3      | Found Adwaz's Magic Scroll Shoppe.
  3008 | D:3      | Bought a scroll of enchant armour for 82 gold pieces
  3008 | D:3      | Bought a scroll of identify for 22 gold pieces
  3008 | D:3      | Bought a scroll of identify for 22 gold pieces
  3157 | D:3      | Found Arpheduj's Antique Armour Emporium.
  3335 | D:3      | Found a runed translucent door.
  3336 | D:3      | Noticed Crazy Yiuf
  3729 | D:3      | Reached skill level 1 in Dodging
  3739 | D:3      | Reached XP level 6. HP: 43/47 MP: 6/6
  3991 | D:3      | Killed Crazy Yiuf
  3992 | D:3      | Reached skill level 4 in Axes
  4322 | D:5      | Entered Level 5 of the Dungeon
  4380 | D:5      | Found a glowing drain.
  4405 | Sewer    | Entered a sewer
  4772 | Sewer    | Reached XP level 7. HP: 41/53 MP: 7/7
  4780 | Sewer    | Reached skill level 5 in Axes
  4791 | Sewer    | Identified the +5 chain mail of Veojuykiss {Str+4}
  4949 | D:5      | Found a sparkling altar of Nemelex Xobeh.
  4953 | D:5      | Found a shimmering blue altar of Sif Muna.
  4961 | D:5      | Found an iron altar of Okawaru.
  4967 | D:5      | Became a worshipper of Warmaster Okawaru
  5032 | D:4      | Found a broken altar of Ashenzari.
  5473 | D:4      | Noticed Sigmund
  5480 | D:4      | Killed Sigmund
  5538 | D:4      | Reached skill level 5 in Armour
  5538 | D:4      | Gained mutation: A meltable shield of frost defends you.
                  | (SH +0) [demonic ancestry]
  5538 | D:4      | Reached XP level 8. HP: 46/61 MP: 8/8
  5657 | D:4      | Reached * piety under Okawaru
  6257 | D:5      | Reached skill level 6 in Axes
  6744 | D:5      | Found an opulent altar of Gozag.
  7073 | D:6      | Found a runed translucent gate.
  7073 | D:6      | Found a runed translucent gate.
  7073 | D:6      | Noticed a kobold demonologist
  7095 | D:6      | Noticed Patoropollo's ghost (novice MiFi)
  7107 | D:6      | Found a runed translucent gate.
  7672 | D:6      | Reached skill level 5 in Fighting
  7812 | D:6      | Found a staircase to the Ecumenical Temple.
  8240 | D:7      | Reached skill level 1 in Evocations
  8464 | D:7      | Reached ** piety under Okawaru
  8574 | D:7      | Gained mutation: A weak demonic guardian rushes to your
                  | aid. [demonic ancestry]
  8574 | D:7      | Reached XP level 9. HP: 67/68 MP: 11/11
  9352 | D:8      | Reached skill level 7 in Axes
  9914 | D:8      | Paralysed by a hornet for 2 turns
 10722 | D:8      | You fall into a shaft and drop 1 floor!
 10787 | D:9      | Found a flagged portal.
 10796 | Bailey   | Entered a bailey
 11223 | Bailey   | Noticed an orc knight
 11226 | Bailey   | Reached *** piety under Okawaru
 11227 | Bailey   | Reached skill level 5 in Shields
 11246 | Bailey   | Killed an orc knight
 11247 | Bailey   | Reached skill level 8 in Axes
 11247 | Bailey   | Reached skill level 5 in Invocations
 11247 | Bailey   | Reached XP level 10. HP: 24/76 MP: 13/13
 11390 | Bailey   | HP: 2/76 [orc warrior/+0 halberd (13)]
 11801 | Bailey   | Found a large runed translucent door.
 11801 | Bailey   | Found a large runed translucent door.
 11802 | Bailey   | Noticed a deep elf zephyrmancer
 11857 | Bailey   | Killed a deep elf zephyrmancer
 12049 | D:10     | Entered Level 10 of the Dungeon
 12251 | D:9      | Noticed a manticore
 12252 | D:9      | Noticed a centaur warrior
 12356 | D:8      | Noticed a catoblepas
 12399 | D:8      | Killed a catoblepas
 12399 | D:8      | Reached **** piety under Okawaru
 12742 | D:9      | Killed a centaur warrior
 12990 | D:9      | Reached skill level 5 in Evocations
 12997 | D:9      | HP: 2/77 [manticore (14)]
 13609 | D:8      | Reached skill level 9 in Axes
 13854 | D:9      | Gained mutation: You have a pair of antennae on your head.
                  | [demonic ancestry]
 13854 | D:9      | Reached XP level 11. HP: 55/83 MP: 16/16
 14588 | D:10     | Reached ***** piety under Okawaru
 14700 | D:11     | Noticed a boulder beetle
 14976 | D:10     | Noticed a five-headed hydra
 14987 | D:10     | Killed a one-headed hydra
 15104 | D:11     | Noticed an eight-headed hydra
 15910 | D:11     | Killed a one-headed hydra
 16144 | D:11     | Killed a boulder beetle
 16144 | D:11     | Identified the +1 cloak "Naips" {Str+4} (Okawaru gifted it
                  | to you on level 11 of the Dungeon)
 16144 | D:11     | Received a gift from Okawaru
 16300 | D:12     | Noticed Josephine
 16310 | D:11     | Noticed Erica
 16318 | D:11     | Noticed a two-headed ogre
 16646 | D:10     | Killed a two-headed ogre
 16795 | D:11     | Killed Erica
 17230 | D:11     | Noticed a centaur warrior
 17237 | D:11     | Killed a centaur warrior
 17592 | D:11     | Found a staircase to the Lair.
 17857 | D:12     | Noticed a two-headed ogre
 17868 | D:12     | Killed a two-headed ogre
 17869 | D:12     | Reached skill level 10 in Axes
 18349 | D:12     | Reached XP level 12. HP: 91/91 MP: 18/18
 18473 | D:12     | Noticed a two-headed ogre
 18478 | D:12     | Noticed a boulder beetle
 18500 | D:11     | Killed a two-headed ogre
 18529 | D:12     | Noticed a two-headed ogre
 18564 | D:11     | Killed a two-headed ogre
 18610 | D:12     | Killed a boulder beetle
 18652 | D:11     | HP: 3/91 [efreet/fireball (21)]
 18652 | D:11     | Killed from afar by an efreet

Illustrated notes

Levels and vault maps discovered:
D:1:      erik_arrival_orb_chamber, layout_rooms
D:2:      layout_loops_ring, basic_altar, nicolae_ecumenical_oubliette,
          minmay_misc_feat_enclosed, minmay_misc_feat_four_crosses
D:3:      layout_basic, serial_shops, shop, shop, shop,
          nicolae_shop_advertising_works [nicolae_subvault_shop_adworks],
          uniq_crazy_yiuf_cottage
D:4:      layout_basic, mainiacjoe_overflow_concentric_impassable,
          kennysheep_mini, serial_rivers, chequers_serial_rivers_micro_b,
          chequers_serial_rivers_small_3, chequers_serial_rivers_micro_e,
          chequers_serial_rivers_micro_c, minmay_misc_feat_secret_circle,
          minmay_misc_feat_nine_boxes, uniq_sigmund
D:5:      layout_loops_ring, minitemple, grunt_gozag_statues,
          cheibrodos_sewer_entry_bend
D:6:      layout_loops_corners, temple_hall, gammafunk_ghost_nasty_kobolds
D:7:      layout_loops_corners, grunt_ministairs_4
D:8:      layout_layer_cave
D:9:      minmay_bloctagon_deflated, layout_loops_corners, enter_bailey_7
D:10:     layout_stronghold, hive_lemuel
D:11:     layout_irregular_city, grunt_lair_entry_orc_guard_hut, uniq_erica
D:12:     layout_small_grid, david_orc_1_choice, minmay_quadrilaterals,
          uniq_josephine

Skill      XL: |  1  2  3  4  5  6  7  8  9 10 11 12 |
---------------+-------------------------------------+-----
Armour         | 3 4 5 6 7 |  7.7
Shields        | 3 4 5 6 8 |  8.4
Axes           | 2 3 4 5 6 8 9 10 | 10.3
Dodging        | 1 2 3 |  3.0
Fighting       | 4 5 6 7 |  7.3
Invocations    | 3 5 7 8 9 |  9.3
Evocations     | 1 3 5 6 7 |  7.1
Throwing       | |  0.4
Stealth        | |  0.3

Action                   |  1- 3 |  4- 6 |  7- 9 | 10-12 || total
-------------------------+-------+-------+-------+-------++-------
Melee: War axe           |   116 |   263 |    24 |       ||   403
       Broad axe         |       |       |   390 |   531 ||   921
       Hand axe          |       |       |       |    16 ||    16
Throw: Stone             |       |    22 |       |       ||    22
       Javelin           |       |       |     1 |     7 ||     8
       Dart              |       |       |       |     9 ||     9
Invok: Heroism           |       |       |     3 |    11 ||    14
       Finesse           |       |       |       |     2 ||     2
Evoke: Wand              |       |       |     3 |     7 ||    10
       Tin of tremorston |       |       |       |     3 ||     3
  Use: Scroll            |     3 |     6 |    12 |    11 ||    32
       Potion            |     3 |     2 |     5 |     9 ||    19
Armor: Scale mail        |    75 |   144 |     3 |       ||   222
       Chain mail        |       |       |   263 |    13 ||   276
       Crystal plate arm |       |       |       |   457 ||   457
Dodge: Dodged            |    47 |   161 |   147 |    24 ||   379
Block: Buckler           |    31 |    57 |   325 |    59 ||   472
       Reflection        |       |       |     3 |    19 ||    22
       Tower shield      |       |       |       |   719 ||   719

Table legend: (Time is in decaauts)
 A = Elapsed time spent in this place.
 B = Non-inter-level travel time spent in this place.
 C = Inter-level travel time spent in this place.
 D = Time resting spent in this place.
 E = Time spent auto-exploring this place.
 F = Levels seen in this place.
 G = Mean time per level.
                   A        B        C        D        E       F      G
               +--------+--------+--------+--------+--------+-----+--------+
         Total |  19285 |  18929 |    356 |   3345 |   9257 |  14 | 1377.5 |
       Dungeon |  17546 |  17190 |    356 |   2596 |   9248 |  12 | 1462.2 |
         Sewer |    554 |    554 |      0 |     51 |      9 |   1 |  554.0 |
        Bailey |   1183 |   1183 |      0 |    698 |      0 |   1 | 1183.0 |
               +--------+--------+--------+--------+--------+-----+--------+

Top non-repeatable levels by time:
     D:8: 2424 daAuts
    D:10: 2095 daAuts
     D:3: 1813 daAuts
    D:11: 1782 daAuts
     D:9: 1536 daAuts
     D:7: 1486 daAuts
     D:4: 1427 daAuts
     D:5: 1258 daAuts
  Bailey: 1183 daAuts
     D:1: 1121 daAuts
     D:6: 1106 daAuts
     D:2: 1016 daAuts
   Sewer: 554 daAuts
    D:12: 477 daAuts
